 Dungeon Crawl Stone Soup version 0.29.1-2-gbd0b4ee654 (webtiles) character file.

Game seed: 2246885853997595020

139 GorkyZ the Covered (level 5, -2/33 HPs)
             Began as a Gargoyle Fighter on Nov 30, 2022.
             Slain by an ogre
             ... wielding a +0 giant club
              (10 damage)
             ... on level 4 of the Dungeon.
             The game lasted 00:14:53 (3227 turns).

GorkyZ the Covered (Gargoyle Fighter)               Turns: 3227, Time: 00:14:54

Health: -2/33      AC: 19    Str: 20    XL:     5   Next: 22%
Magic:  5/5        EV:  9    Int:  8    God:
Gold:   48         SH:  4    Dex: 11    Spells: 4/4 levels left

rFire   + . .      SeeInvis .   f - +2 mace (protect)
rCold   + . .      Faith    .   c - +0 buckler
rNeg    + . .      Spirit   .   b - +0 scale mail
rPois   ∞          Reflect  .   v - +0 helmet
rElec   +          Harm     .   w - scarf {rC+ rF+}
rCorr   .          Rampage  .   (no gloves)
Will    .....                   (no boots)
Stlth   ..........              (no amulet)
HPRegen 0.11/turn               (no ring)
MPRegen 0.09/turn               (no ring)

@: under a protective aura, flying, invisible
A: sickness immunity, AC +4, negative energy resistance 1, electricity
resistance, torment resistance 1, petrification resistance
a: no special abilities


You were on level 4 of the Dungeon.
You visited 1 branch of the dungeon, and saw 4 of its levels.

You collected 70 gold pieces.
You spent 22 gold pieces at shops.

Inventory:

Hand Weapons
 a - a +1 war axe
 f - a +2 mace of protection (weapon)
 m - a +1 dagger of venom
Missiles
 t - 2 poisoned darts (quivered)
Armour
 b - a +0 scale mail (worn)
 c - a +0 buckler (worn)
 k - a scarf of shadows
 v - a +0 helmet (worn)
 w - a scarf of resistance (worn)
Jewellery
 j - a ring of magical power
 n - an amulet of regeneration
Scrolls
 e - 3 scrolls of fear {unknown}
 q - a scroll of blinking
 x - a scroll of immolation {unknown}
Potions
 d - 2 potions of might
 h - a potion of magic
 i - a potion of degeneration
 l - a potion of cancellation
 o - 2 potions of curing
 r - a potion of brilliance {unknown}
 s - a potion of lignification {unknown}
 u - a potion of heal wounds {unknown}


   Skills:
 + Level 3.8 Fighting
 + Level 2.5 Axes
 + Level 1.0 Throwing
 + Level 4.0 Armour
 + Level 1.1 Dodging
 + Level 3.8 Shields
 + Level 1.2 Evocations


You had 4 spell levels left.
You didn't know any spells.
Your spell library contained the following spells:

 Spells                   Type           Power      Damage    Failure   Level
 Ensorcelled Hibernation  Hex/Ice        0%         N/A       94%         2
 Passwall                 Tmut/Erth      0%         N/A       94%         2
 Static Discharge         Conj/Air       0%         3-3/arc   94%         2
 Dazzling Flash           Conj/Hex       0%         N/A       99%         3
 Swiftness                Air            0%         N/A       99%         3
 Dispel Undead            Necr           0%         3d6       100%        4
 Sticky Flame             Conj/Fire      0%         2d3       100%        4
 Agony                    Necr           0%         N/A       100%        5
 Silence                  Hex/Air        0%         N/A       100%        5


Dungeon Overview and Level Annotations

Branches:
Dungeon (4/15)
 Temple: D:4-7

Altars:
Yredelemnul

Shops:
D:2 ?


Innate Abilities, Weirdness & Mutations

You are immune to sickness and miasma.
Your stone body is resilient. (AC +4)
You are immune to poison.
You resist negative energy. (rN+)
You are resistant to electric shocks. (rElec)
You are resistant to unholy torment.
You are immune to petrification.


Message History

The ufetubus hits you but does no damage.
The ufetubus completely misses you.
You hit the ufetubus.
The ufetubus is severely wounded.
The ufetubus hits you but does no damage.
The ufetubus closely misses you. The ufetubus barely misses you.
The ufetubus hits you but does no damage.
You thump the ufetubus!
You kill the ufetubus!
You block the ogre's attack.
Your Armour skill increases to level 4!
You barely miss the ogre.
The hobgoblin hits you but does no damage.
The adder bites you but does no damage. The ogre hits you but does no damage.
You sock the ogre!
The ogre is moderately wounded.
The adder closely misses you. The hobgoblin barely misses you.
The adder barely misses you.
The ogre hits you with a +0 giant club!!
Ouch! That really hurt!
The hobgoblin barely misses you.
You hit the ogre.
The ogre is heavily wounded.
The adder bites you but does no damage.
The hobgoblin hits you but does no damage.
The adder bites you. The ogre barely misses you.
It was a potion of flight.
You feel very buoyant.
You fly up into the air.
The hobgoblin hits you but does no damage.
You block the adder's attack.
It was a potion of curing.
You feel better. The adder closely misses you.
The ogre hits you with a +0 giant club!
* * * LOW HITPOINT WARNING * * *
The hobgoblin barely misses you. The adder bites you but does no damage.
It was a potion of invisibility.
You fade into invisibility!
The hobgoblin closely misses you. The adder bites you but does no damage.
The ogre hits you with a +0 giant club!
You die...

...............#####
..#....##......##..#
###................# ***
.###......##.......#***,*
.####.............##*,,,**
(.####.........####,*,,,,*
...##.....#.....#*,,,,,,,*
.#........#.....##*,,,,,,*
##......>.......@#*,,,,,**
#..###.........SOg.....#*
##..*.................#.**
.#..,.................#,,*
..................#.....,*
#.....###.........#.?...**
.....#* #..........,..##*
....,****..........,.##
#.,,,**,,,,,,,,,,,,,,,**


You could see an ogre (unable to see you), an adder (unable to see you) and a
hobgoblin (unable to see you).

Vanquished Creatures
  A hound zombie (D:3)
  3 adders
  An ufetubus (D:4)
  A worm (D:2)
  3 dart slugs
  5 orcs
  9 endoplasms
  2 giant cockroaches (D:2)
  10 goblins
  8 hobgoblins
  5 jackals
  4 quokkas
  7 ball pythons
  A ball python zombie (D:3)
  5 bats
  4 frilled lizards
  A kobold (D:4)
  2 rats (D:1)
72 creatures vanquished.

Notes
Turn   | Place    | Note
-------+----------+-------------------------------------------
     0 | D:1      | GorkyZ the Gargoyle Fighter began the quest for the Orb.
     0 | D:1      | Reached XP level 1. HP: 14/14 MP: 1/1
   254 | D:1      | Reached XP level 2. HP: 15/19 MP: 2/2
   693 | D:1      | Reached XP level 3. HP: 18/23 MP: 3/3
  1979 | D:2      | Found Talinod's Magic Scroll Emporium.
  1987 | D:2      | Bought a scroll of identify for 22 gold pieces
  2065 | D:2      | Reached XP level 4. HP: 22/29 MP: 4/4
  2223 | D:3      | Reached skill level 1 in Evocations
  2407 | D:3      | Reached skill level 1 in Dodging
  2534 | D:3      | Found a basalt altar of Yredelemnul.
  3063 | D:4      | Reached skill level 1 in Throwing
  3100 | D:4      | Reached XP level 5. HP: 31/33 MP: 5/5
  3218 | D:4      | Noticed an ogre
  3222 | D:4      | Reached skill level 4 in Armour
  3227 | D:4      | Slain by an ogre

Illustrated notes

Levels and vault maps discovered:
D:1:      pf_arrival_petrified_forest, layout_basic
D:2:      layout_basic, serial_shops, nicolae_lakefront_shop, minivault_27,
          wad_floor_pattern_untrapped
D:3:      layout_rooms, lemuel_zombie_altar_yredelemnul
D:4:      layout_cave_pools, uniq_eustachio

Skill      XL: |  1  2  3  4  5 |
---------------+----------------+-----
Axes           | 2 |  2.5
Evocations     | 1 |  1.2
Dodging        | 1 |  1.1
Throwing       | 1 |  1.0
Armour         | 4 |  4.0
Fighting       | |  3.8
Shields        | |  3.8

Action                   |  1- 3 |  4- 6 || total
-------------------------+-------+-------++-------
Melee: War axe           |    97 |    85 ||   182
       Mace              |       |    17 ||    17
  Use: Scroll            |       |     9 ||     9
       Potion            |       |     3 ||     3
Armor: Scale mail        |    61 |    86 ||   147
Dodge: Dodged            |    49 |    61 ||   110
Block: Buckler           |    26 |    27 ||    53
